 Dungeon Crawl Stone Soup version 0.27-a0-1324-ge0d8e047f6 (webtiles) character file.

Game seed: 14758492581418597684

17 benadryl the Sneak (level 2, 0/19 HPs)
             Began as a Formicid Enchanter on June 23, 2021.
             Slain by a kobold (12 damage)
             ... on level 1 of the Dungeon.
             The game lasted 00:01:05 (1007 turns).

benadryl the Sneak (Formicid Enchanter)             Turns: 1007, Time: 00:01:06

Health: 0/19       AC:  3    Str: 12    XL:     2   Next: 80%
Magic:  5/5        EV: 12    Int: 14    God:
Gold:   43         SH:  0    Dex: 11    Spells: 4/5 levels left

rFire    . . .     SeeInvis +   a - +1 dagger
rCold    . . .     Faith    .   (no shield)
rNeg     . . .     Spirit   .   b - +0 robe
rPois    .         Reflect  .   (helmet unavailable)
rElec    .         Harm     .   (no cloak)
rCorr    .         Rampage  .   f - +0 pair of gloves
Will     .....                  (no boots)
Stlth    ++........             (no amulet)
HPRegen  0.06/turn              (no ring)
MPRegen  0.09/turn              (no ring)

@: no status effects
A: permanent stasis, dig shafts and tunnels, antennae 3, four strong arms
a: Dig, Shaft Self


You were on level 1 of the Dungeon.
You visited 1 branch of the dungeon, and saw 1 of its levels.

You collected 43 gold pieces.

Inventory:

Hand Weapons
 a - a +1 dagger (weapon)
Armour
 b - a +0 robe (worn)
 f - a +0 pair of gloves (worn)
Scrolls
 c - a scroll of immolation {unknown}
Potions
 d - a potion of degeneration {unknown}
 e - a potion of might {unknown}


   Skills:
 - Level 1.0 Short Blades
 - Level 1.7 Dodging
 * Level 4.3 Stealth
 - Level 2.1 Spellcasting
 + Level 4.1 Hexes


You had 4 spell levels left.
You knew the following spells:

 Your Spells              Type           Power      Damage    Failure   Level
a - Corona                Hex            14%        N/A       4%          1

Your spell library contained the following spells:

 Spells                   Type           Power      Damage    Failure   Level
 Confusing Touch          Hex            13%        N/A       13%         3
 Tukima's Dance           Hex            13%        N/A       13%         3
 Ensorcelled Hibernation  Hex/Ice        14%        N/A       16%         2
 Dazzling Flash           Conj/Hex       14%        N/A       30%         3


Dungeon Overview and Level Annotations

Branches:
Dungeon (1/15)

Altars:


Innate Abilities, Weirdness & Mutations

You cannot be hasted, slowed, berserked, paralysed or teleported.
You can dig through walls and to a lower floor.
You have a pair of large antennae on your head. (SInv)
Your four strong arms can wield two-handed weapons with a shield.


Message History

You hit the jackal.
You kill the jackal!
You see here a jackal corpse.
You see here a jackal corpse.
You start resting.
HP restored.
You see here a +0 pair of gloves.
f - a +0 pair of gloves You start putting on your armour.
You continue putting on your +0 pair of gloves. x4
You finish putting on your +0 pair of gloves.
You now have 43 gold pieces (gained 9).
A bat comes into view.
A bat is nearby!
A hobgoblin comes into view.
A kobold comes into view.
It is wielding a +0 whip of electrocution.
The hobgoblin shouts!
The bat hits you.
There are monsters nearby!
The bat hits you but does no damage. The hobgoblin barely misses you.
A kobold comes into view. It is wielding a +0 dagger.
The bat hits you but does no damage.
You barely miss the hobgoblin. The bat barely misses you.
The hobgoblin closely misses you.
The kobold shouts!
You hit the hobgoblin.
The hobgoblin is severely wounded.
The bat hits you. The kobold barely misses you. The hobgoblin hits you.
You hit the hobgoblin.
The hobgoblin is almost dead.
The kobold closely misses you. The bat barely misses you.
The hobgoblin hits you but does no damage.
You barely miss the hobgoblin.
The hobgoblin is almost dead.
The bat barely misses you.
The kobold hits you with a +0 whip of electrocution.
You are electrocuted!
Ouch! That really hurt!
You die...

.....................#.
#............##.......#.
#............##.......#.
#.......................
......####..............
.......................#
.......b...###.........
......g....# ########+
...K...@...#
.......K...#
...........#
....#.......# ####
....#.....#.# #... ...
#.....#.+ +... .
#.....### #... ......#
######'# #...#...


You could see a hobgoblin, a bat and 2 kobolds.

Vanquished Creatures
  A dart slug (D:1)
  A ball python (D:1)
  2 bats (D:1)
  An endoplasm (D:1)
  3 jackals (D:1)
  3 quokkas (D:1)
  A frilled lizard (D:1)
12 creatures vanquished.

Notes
Turn   | Place    | Note
-------+----------+-------------------------------------------
     0 | D:1      | benadryl the Formicid Enchanter began the quest for the
                  | Orb.
     0 | D:1      | Reached XP level 1. HP: 13/13 MP: 3/3
   420 | D:1      | Found a faded altar of an unknown god.
   462 | D:1      | Reached XP level 2. HP: 16/19 MP: 5/5
  1007 | D:1      | Slain by a kobold

Illustrated notes

Levels and vault maps discovered:
D:1:      co_arrival_random_square_maze, layout_basic,
          hellmonk_ecumenical_altar_leap_of_faith, hangedman_glass_teeth,
          minmay_quantized

Skill      XL: |  1  2 |
---------------+-------+-----
Hexes          | 4 |  4.1
Stealth        | 4 |  4.3
Short Blades   | |  1.0
Dodging        | |  1.7
Spellcasting   | |  2.1

Action                   || total
-------------------------++-------
Melee: Dagger            ||    45
 Cast: Corona            ||     1
 Stab: Sleeping          ||     4
       Distracted        ||     1
Armor: Robe              ||     7
Dodge: Dodged            ||    29

Table legend: (Time is in decaauts)
 A = Elapsed time spent in this place.
 B = Non-inter-level travel time spent in this place.
 C = Inter-level travel time spent in this place.
 D = Time resting spent in this place.
 E = Time spent auto-exploring this place.
 F = Levels seen in this place.
 G = Mean time per level.
                   A        B        C        D        E       F      G
               +--------+--------+--------+--------+--------+-----+--------+
         Total |   1004 |   1004 |      0 |    572 |    289 |   1 | 1004.0 |
       Dungeon |   1004 |   1004 |      0 |    572 |    289 |   1 | 1004.0 |
               +--------+--------+--------+--------+--------+-----+--------+

Top non-repeatable levels by time:
     D:1: 1004 daAuts
